 Dungeon Sprint DCSS version 0.19-a0-1803-g97ff39f (webtiles) character file.

1839 Naow the Executioner (level 8, 0/67 HPs)
             Began as a Minotaur Berserker on Oct 5, 2016.
             Was a High Priest of Trog.
             Incinerated by a smoke demon (3 damage)
             ... with a sticky flame
             ... in the Dungeon (Sprint IX: "|||||||||||||||||||||||||||||").
             The game lasted 00:02:06 (768 turns).

Naow the Executioner (Minotaur Berserker)            Turns: 768, Time: 00:02:07

Health: 0/67       AC: 13    Str: 23    XL:     8   Next: 87%
Magic:  7/7        EV:  9    Int:  6    God:    Trog [*****.]
Gold:   0          SH:  0    Dex: 12    Spells: 0 memorised, 7 levels left

rFire  . . .     SeeInvis .     m - +1 broad axe (freeze)
rCold  . . .     Gourm    .     p - +0 plate armour
rNeg   . . .     Faith    .     (no shield)
rPois  .         Spirit   .     (helmet restricted)
rElec  .         Dismiss  .     (no cloak)
rCorr  .         Reflect  .     o - +0 pair of gloves
MR     ++...     Harm     .     n - +0 pair of boots
Stlth  .......... NoTele   +    (no amulet)
                                r - +3 ring of dexterity
                                q - +2 ring of evasion

@: exhausted, liquid flames, regenerating, slowed, glowing, very slow
A: retaliatory headbutt, horns 2
a: Berserk, Trog's Hand, Brothers in Arms, Burn Spellbooks, Renounce Religion


You were in the Dungeon.
You worshipped Trog.
Trog was extremely pleased with you.
You were near starving.

You visited 1 branch

Inventory:

Hand Weapons
 a - a +0 hand axe
 m - a +1 broad axe of freezing (weapon)
Armour
 b - a +0 animal skin
 n - a +0 pair of boots (worn)
 o - a +0 pair of gloves (worn)
 p - a +0 plate armour (worn)
Jewellery
 q - a +2 ring of evasion (left hand)
 r - a +3 ring of dexterity (right hand)
Wands
 l - a wand of acid (7/15)
Scrolls
 i - 2 scrolls of blinking
 k - 3 scrolls of remove curse
Potions
 d - 5 potions of curing
 e - 3 potions of heal wounds
 f - a potion of haste
 g - 4 potions of magic
 h - a potion of berserk rage
 j - a potion of invisibility
Comestibles
 c - a bread ration


   Skills:
 - Level 4.8 Fighting
 + Level 21.1 Axes
 - Level 2.8 Armour
 - Level 2.6 Dodging


You had 7 spell levels left.
You didn't know any spells.

Dungeon Overview and Level Annotations

Branches:
Dungeon (1/1)

Altars:
Cheibriados
Dithmenos
Elyvilon
Fedhas
Gozag
Hepliaklqana
Kikubaaqudgha
Makhleb
Nemelex Xobeh
Okawaru
Qazlal
Ru
Sif Muna
Trog
Uskayaw
Vehumet
Xom
Yredelemnul
Zin
The Shining One
Beogh
Jiyva
Lugonu


Innate Abilities, Weirdness & Mutations

You reflexively headbutt those who attack you in melee.
You have a pair of horns on your head.


Message History

* * * LOW HITPOINT WARNING * * *
The smoke demon gestures at you. The ball of steam hits you!
* * * LOW HITPOINT WARNING * * *
You hit the smoke demon. You freeze the smoke demon.
The smoke demon is lightly wounded.
You are engulfed in a cloud of scalding steam.
You are covered in liquid flames!
* * * LOW HITPOINT WARNING * * *
The smoke demon barely misses you. You furiously retaliate!
You headbutt the smoke demon, but do no damage.
The smoke demon hits you but does no damage.
The smoke demon hits you.
* * * LOW HITPOINT WARNING * * *
You start eating the bread ration.
You are engulfed in a cloud of scalding steam.
Keep eating?
* * * LOW HITPOINT WARNING * * *
You are covered in liquid flames!
You die... ▓▓▓▓▓▓▓▓▓▓▓▓▓▓▓▓▓▓▓▓▓▓▓ +..K.3@§§....)'(....)|? ▓▓▓▓▓▓▓▓▓▓▓▓▓▓▓▓▓▓▓▓▓▓▓

You could see a kobold demonologist and a smoke demon.

Vanquished Creatures
  An unseen horror (D)
  A deep elf mage (D)
  A shadow (D)
  A wraith (D)
  A yak (D)
  An ice beast (D)
  A phantom (D)
  An ogre (D)
  A centaur (D)
  A big kobold (D)
  A worker ant (D)
  An adder (D)
  A dart slug (D)
  A leopard gecko (D)
  2 orcs (D)
  A bat skeleton (D)
  A goblin (D)
  A hobgoblin (D)
  A jackal (D)
  A giant cockroach zombie (D)
21 creatures vanquished.

Notes
Turn   | Place    | Note
-------+----------+-------------------------------------------
     0 | D        | Naow the Minotaur Berserker began the quest for the Orb.
     0 | D        | Reached XP level 1. HP: 19/19 MP: 0/0
     5 | D        | Reached skill level 4 in Axes
    15 | D        | Reached ** piety under Trog
    19 | D        | Reached XP level 2. HP: 23/28 MP: 1/1
   133 | D        | Noticed a phantom
   133 | D        | Noticed an ice beast
   133 | D        | Noticed an ogre
   136 | D        | Killed an ogre
   136 | D        | Reached *** piety under Trog
   136 | D        | Reached skill level 10 in Axes
   136 | D        | Reached XP level 3. HP: 35/35 MP: 2/2
   136 | D        | Reached XP level 4. HP: 41/41 MP: 3/3
   145 | D        | Killed an ice beast
   145 | D        | Reached skill level 12 in Axes
   145 | D        | Reached XP level 5. HP: 47/47 MP: 4/4
   168 | D        | Killed a phantom
   168 | D        | Reached skill level 14 in Axes
   168 | D        | Reached XP level 6. HP: 4/55 MP: 5/5
   435 | D        | Found a roughly hewn altar of Beogh.
   435 | D        | Found a snail-covered altar of Cheibriados.
   435 | D        | Found a shadowy altar of Dithmenos.
   435 | D        | Found a white marble altar of Elyvilon.
   435 | D        | Found a blossoming altar of Fedhas.
   435 | D        | Found an opulent altar of Gozag.
   436 | D        | Found a hazy altar of Hepliaklqana.
   437 | D        | Found a viscous altar of Jiyva.
   438 | D        | Found an ancient bone altar of Kikubaaqudgha.
   439 | D        | Found a corrupted altar of Lugonu.
   440 | D        | Found a burning altar of Makhleb.
   441 | D        | Found a sparkling altar of Nemelex Xobeh.
   442 | D        | Found an iron altar of Okawaru.
   443 | D        | Found a stormy altar of Qazlal.
   444 | D        | Found a sacrificial altar of Ru.
   445 | D        | Found a deep blue altar of Sif Muna.
   446 | D        | Found a bloodstained altar of Trog.
   447 | D        | Found a hide-covered altar of Uskayaw.
   448 | D        | Found a radiant altar of Vehumet.
   449 | D        | Found a shimmering altar of Xom.
   450 | D        | Found a basalt altar of Yredelemnul.
   451 | D        | Found a glowing silver altar of Zin.
   452 | D        | Found a glowing golden altar of the Shining One.
   504 | D        | Noticed a wraith
   510 | D        | Reached **** piety under Trog
   516 | D        | Reached skill level 15 in Axes
   525 | D        | Reached skill level 16 in Axes
   533 | D        | Killed a wraith
   533 | D        | Reached skill level 17 in Axes
   533 | D        | Reached XP level 7. HP: 35/60 MP: 6/6
   739 | D        | Noticed a kobold demonologist
   739 | D        | Noticed a yak
   739 | D        | Noticed a shadow
   739 | D        | Noticed a deep elf mage
   744 | D        | Killed a deep elf mage
   744 | D        | Reached ***** piety under Trog
   744 | D        | Reached skill level 18 in Axes
   744 | D        | Reached XP level 8. HP: 67/67 MP: 7/7
   746 | D        | Received a gift from Trog
   746 | D        | Reached skill level 19 in Axes
   747 | D        | Noticed a red devil
   754 | D        | Noticed a smoke demon
   757 | D        | Killed an unseen horror
   757 | D        | Reached skill level 21 in Axes
   768 | D        | HP: 3/67 [smoke demon][a kobold demonologist] (10)]
   768 | D        | Incinerated by a smoke demon

Vault maps used:
D:        linesprint

Skill      XL: |  1  2  3  4  5  6  7  8 |
---------------+-------------------------+-----
Fighting       | 4 |  4.8
Axes           | 4 10 12 14 17 18 21 | 21.1
Armour         | |  2.8
Dodging        | |  2.6

Action                   |  1- 3 |  4- 6 |  7- 9 || total
-------------------------+-------+-------+-------++-------
Melee: Hand axe          |    15 |    22 |       ||    37
       Headbutt          |     3 |     6 |     4 ||    13
       Broad axe         |       |    28 |    26 ||    54
Invok: Berserk           |     2 |       |     1 ||     3
       Trog's Hand       |       |       |     1 ||     1
  Eat: Chunk             |       |       |     1 ||     1
Armor: Animal skin       |     1 |     1 |       ||     2
       Plate armour      |       |     4 |    10 ||    14
Dodge: Dodged            |     6 |    27 |     6 ||    39
